Workbook
Name 地区名称: #REF!
Name 地区名称: #REF!
Name 地区名称: #REF!

Sheet 目录
A1: 2025年望城区政府预算表目录
A2: 序号 | B2: 表格名称
A3: 附表1-1 | B3: ='1-1'!A2 -> 2025年望城区一般公共预算收入表
A4: 附表1-2 | B4: ='1-2'!A2 -> 2025年望城区一般公共预算支出预算表
A5: 附表1-3 | B5: ='1-3'!A2 -> 2025年望城区一般公共预算本级支出预算表
A6: 附表1-4 | B6: 2025年望城区一般公共预算本级基本支出预算表
A7: 附表1-5 | B7: ='1-5'!A2 -> 2025年望城区一般公共预算税收返还和转移支付表
A8: 附表1-6 | B8: ='1-6'!A2 -> 2025年望城区一般公共预算专项转移支付预算表（分项目）
A9: 附表1-7 | B9: ='1-7'!A2 -> 2025年望城区一般公共预算专项转移支付预算表（分地区）
A10: 附表2-1 | B10: ='2-1'!A2 -> 2025年望城区政府性基金预算收入表
A11: 附表2-2 | B11: ='2-2'!A2 -> 2025年望城区政府性基金预算支出表
A12: 附表2-3 | B12: ='2-3'!A2 -> 2025年望城区政府性基金预算本级支出表
A13: 附表2-4 | B13: ='2-4'!A2 -> 2025年望城区政府性基金预算转移支付表（分项目）
A14: 附表2-5 | B14: ='2-5'!A2 -> 2025年望城区政府性基金预算转移支付表（分地区）
A15: 附表3-1 | B15: ='3-1'!A2 -> 2025年望城区国有资本经营预算收入表
A16: 附表3-2 | B16: ='3-2'!A2 -> 2025年望城区国有资本经营预算支出表
A17: 附表3-3 | B17: ='3-3'!A2 -> 2025年望城区国有资本经营预算本级支出表
A18: 附表3-4 | B18: ='3-4'!A2 -> 2025年望城区国有资本经营预算转移支付表（分项目）
A19: 附表3-5 | B19: ='3-5'!A2 -> 2025年望城区国有资本经营预算转移支付表（分地区）
A20: 附表4-1 | B20: ='4-1'!A2 -> 2025年望城区社会保险基金预算收入表
A21: 附表4-2 | B21: ='4-2'!A2 -> 2025年望城区社会保险基金预算支出表
A22: 附表5 | B22: ='5'!A2 -> 2024年地方政府债务限额、余额情况表
A23: 附表6 | B23: ='6'!A2 -> 2024年望城区地方政府债务发行及还本付息情况表
A24: 附表7 | B24: ='7'!A2 -> 2025年望城区政府债券发行及还本付息情况预算表
A25: 附表8 | B25: ='8'!A2 -> 2025年地方政府债务限额、余额预计情况表

Sheet 1-1
A1: 附表1-1
A2: 2025年望城区一般公共预算收入表
B3: 单位：万元
A4: 项目 | B4: 预算数
A5: 一、税收收入 | B5: 302330.5
A6: 增值税 | B6: 135242.3
A7: 消费税 | B7: 0
A8: 营业税 | B8: 0
A9: 企业所得税 | B9: 47701.2
A10: 个人所得税 | B10: 13215
A11: 资源税 | B11: 0
A12: 城市维护建设税 | B12: 0
A13: 房产税 | B13: 25036.2
A14: 印花税 | B14: 7269.6
A15: 城镇土地使用税 | B15: 0
A16: 土地增值税 | B16: 44527.2
... A29: 收入合计 | B29: 481999.5

Sheet 1-2
A1: 附表1-2
A2: 2025年望城区一般公共预算支出预算表
C3: 单位：万元
A4: 科目代码 | B4: 科目名称 | C4: 金额 | D4: 备注
A5: 201 | B5: 一般公共服务支出 | C5: 72827
A6: 20101 | B6: 人大事务 | C6: 1914
A7: 2010101 | B7: 行政运行 | C7: 1145
A8: 2010102 | B8: 一般行政管理事务 | C8: 514
A9: 2010103 | B9: 机关服务
A10: 2010104 | B10: 人大会议
A11: 2010105 | B11: 人大立法 | C11: 3
A12: 2010106 | B12: 人大监督
A13: 2010107 | B13: 人大代表履职能力提升
A14: 2010108 | B14: 代表工作 | C14: 141
A15: 2010109 | B15: 人大信访工作
A16: 2010150 | B16: 事业运行
A17: 2010199 | B17: 其他人大事务支出 | C17: 111
A18: 20102 | B18: 政协事务 | C18: 1285
A19: 2010201 | B19: 行政运行 | C19: 736
A20: 2010202 | B20: 一般行政管理事务 | C20: 549
A21: 2010203 | B21: 机关服务
A22: 2010204 | B22: 政协会议
A23: 2010205 | B23: 委员视察
A24: 2010206 | B24: 参政议政
A25: 2010250 | B25: 事业运行
A26: 2010299 | B26: 其他政协事务支出
A27: 20103 | B27: 政府办公厅（室）及相关机构事务 | C27: 32038
A28: 2010301 | B28: 行政运行 | C28: 19149
A29: 2010302 | B29: 一般行政管理事务 | C29: 4160
A30: 2010303 | B30: 机关服务 | C30: 4065
A31: 2010304 | B31: 专项服务
A32: 2010305 | B32: 专项业务及机关事务管理
A33: 2010306 | B33: 政务公开审批 | C33: 1220
A34: 2010309 | B34: 参事事务
A35: 2010350 | B35: 事业运行 | C35: 1527
A36: 2010399 | B36: 其他政府办公厅（室）及相关机构事务支出 | C36: 1917
A37: 20104 | B37: 发展与改革事务 | C37: 2125
A38: 2010401 | B38: 行政运行 | C38: 927
A39: 2010402 | B39: 一般行政管理事务 | C39: 817
A40: 2010403 | B40: 机关服务
A41: 2010404 | B41: 战略规划与实施 | C41: 159
A42: 2010405 | B42: 日常经济运行调节
A43: 2010406 | B43: 社会事业发展规划
A44: 2010407 | B44: 经济体制改革研究
A45: 2010408 | B45: 物价管理 | C45: 3
A46: 2010450 | B46: 事业运行
A47: 2010499 | B47: 其他发展与改革事务支出 | C47: 219
A48: 20105 | B48: 统计信息事务 | C48: 1043
A49: 2010501 | B49: 行政运行 | C49: 317
A50: 2010502 | B50: 一般行政管理事务 | C50: 30
A51: 2010503 | B51: 机关服务
A52: 2010504 | B52: 信息事务
A53: 2010505 | B53: 专项统计业务 | C53: 36
A54: 2010506 | B54: 统计管理 | C54: 130
A55: 2010507 | B55: 专项普查活动 | C55: 361
A56: 2010508 | B56: 统计抽样调查
A57: 2010550 | B57: 事业运行
A58: 2010599 | B58: 其他统计信息事务支出 | C58: 169
A59: 20106 | B59: 财政事务 | C59: 10662
A60: 2010601 | B60: 行政运行 | C60: 1465
A61: 2010602 | B61: 一般行政管理事务 | C61: 88
A62: 2010603 | B62: 机关服务
A63: 2010604 | B63: 预算改革业务
A64: 2010605 | B64: 财政国库业务 | C64: 9
A65: 2010606 | B65: 财政监察
A66: 2010607 | B66: 信息化建设
A67: 2010608 | B67: 财政委托业务支出
A68: 2010650 | B68: 事业运行
A69: 2010699 | B69: 其他财政事务支出 | C69: 9100
A70: 20107 | B70: 税收事务
A71: 2010701 | B71: 行政运行
A72: 2010702 | B72: 一般行政管理事务
A73: 2010703 | B73: 机关服务
A74: 2010709 | B74: 信息化建设
A75: 2010710 | B75: 税收业务
A76: 2010750 | B76: 事业运行
A77: 2010799 | B77: 其他税收事务支出
A78: 20108 | B78: 审计事务 | C78: 1298
A79: 2010801 | B79: 行政运行 | C79: 445
A80: 2010802 | B80: 一般行政管理事务 | C80: 188
A81: 2010803 | B81: 机关服务
A82: 2010804 | B82: 审计业务 | C82: 660
A83: 2010805 | B83: 审计管理 | C83: 5
A84: 2010806 | B84: 信息化建设
A85: 2010850 | B85: 事业运行
A86: 2010899 | B86: 其他审计事务支出
A87: 20109 | B87: 海关事务
A88: 2010901 | B88: 行政运行
A89: 2010902 | B89: 一般行政管理事务
A90: 2010903 | B90: 机关服务
A91: 2010905 | B91: 缉私办案
A92: 2010907 | B92: 口岸管理
A93: 2010908 | B93: 信息化建设
A94: 2010909 | B94: 海关关务
A95: 2010910 | B95: 关税征管
... A99: 2010999 | B99: 其他海关事务支出
A100: 20111 | B100: 纪检监察事务 | C100: 2705
A101: 2011101 | B101: 行政运行 | C101: 1831
A102: 2011102 | B102: 一般行政管理事务 | C102: 677
A103: 2011103 | B103: 机关服务
...

Sheet 1-3
A1: 附表1-3
A2: 2025年望城区一般公共预算本级支出预算表
C3: 单位：万元
A4: 科目代码 | B4: 科目名称 | C4: 金额 | D4: 备注
A5: 201 | B5: 一般公共服务支出 | C5: 72827
A6: 20101 | B6: 人大事务 | C6: 1914
A7: 2010101 | B7: 行政运行 | C7: 1145
A8: 2010102 | B8: 一般行政管理事务 | C8: 514
A9: 2010103 | B9: 机关服务
A10: 2010104 | B10: 人大会议
A11: 2010105 | B11: 人大立法 | C11: 3
A12: 2010106 | B12: 人大监督
A13: 2010107 | B13: 人大代表履职能力提升
A14: 2010108 | B14: 代表工作 | C14: 141
A15: 2010109 | B15: 人大信访工作
A16: 2010150 | B16: 事业运行
A17: 2010199 | B17: 其他人大事务支出 | C17: 111
A18: 20102 | B18: 政协事务 | C18: 1285
A19: 2010201 | B19: 行政运行 | C19: 736
A20: 2010202 | B20: 一般行政管理事务 | C20: 549
A21: 2010203 | B21: 机关服务
A22: 2010204 | B22: 政协会议
A23: 2010205 | B23: 委员视察
A24: 2010206 | B24: 参政议政
A25: 2010250 | B25: 事业运行
A26: 2010299 | B26: 其他政协事务支出
A27: 20103 | B27: 政府办公厅（室）及相关机构事务 | C27: 32038
A28: 2010301 | B28: 行政运行 | C28: 19149
A29: 2010302 | B29: 一般行政管理事务 | C29: 4160
A30: 2010303 | B30: 机关服务 | C30: 4065
A31: 2010304 | B31: 专项服务
A32: 2010305 | B32: 专项业务及机关事务管理
A33: 2010306 | B33: 政务公开审批 | C33: 1220
A34: 2010309 | B34: 参事事务
A35: 2010350 | B35: 事业运行 | C35: 1527
A36: 2010399 | B36: 其他政府办公厅（室）及相关机构事务支出 | C36: 1917
A37: 20104 | B37: 发展与改革事务 | C37: 2125
A38: 2010401 | B38: 行政运行 | C38: 927
A39: 2010402 | B39: 一般行政管理事务 | C39: 817
A40: 2010403 | B40: 机关服务
A41: 2010404 | B41: 战略规划与实施 | C41: 159
A42: 2010405 | B42: 日常经济运行调节
A43: 2010406 | B43: 社会事业发展规划
A44: 2010407 | B44: 经济体制改革研究
A45: 2010408 | B45: 物价管理 | C45: 3
A46: 2010450 | B46: 事业运行
A47: 2010499 | B47: 其他发展与改革事务支出 | C47: 219
A48: 20105 | B48: 统计信息事务 | C48: 1043
A49: 2010501 | B49: 行政运行 | C49: 317
A50: 2010502 | B50: 一般行政管理事务 | C50: 30
A51: 2010503 | B51: 机关服务
A52: 2010504 | B52: 信息事务
A53: 2010505 | B53: 专项统计业务 | C53: 36
A54: 2010506 | B54: 统计管理 | C54: 130
A55: 2010507 | B55: 专项普查活动 | C55: 361
A56: 2010508 | B56: 统计抽样调查
A57: 2010550 | B57: 事业运行
A58: 2010599 | B58: 其他统计信息事务支出 | C58: 169
A59: 20106 | B59: 财政事务 | C59: 10662
A60: 2010601 | B60: 行政运行 | C60: 1465
A61: 2010602 | B61: 一般行政管理事务 | C61: 88
A62: 2010603 | B62: 机关服务
A63: 2010604 | B63: 预算改革业务
A64: 2010605 | B64: 财政国库业务 | C64: 9
A65: 2010606 | B65: 财政监察
A66: 2010607 | B66: 信息化建设
A67: 2010608 | B67: 财政委托业务支出
A68: 2010650 | B68: 事业运行
A69: 2010699 | B69: 其他财政事务支出 | C69: 9100
A70: 20107 | B70: 税收事务
A71: 2010701 | B71: 行政运行
A72: 2010702 | B72: 一般行政管理事务
A73: 2010703 | B73: 机关服务
A74: 2010709 | B74: 信息化建设
A75: 2010710 | B75: 税收业务
A76: 2010750 | B76: 事业运行
A77: 2010799 | B77: 其他税收事务支出
A78: 20108 | B78: 审计事务 | C78: 1298
A79: 2010801 | B79: 行政运行 | C79: 445
A80: 2010802 | B80: 一般行政管理事务 | C80: 188
A81: 2010803 | B81: 机关服务
A82: 2010804 | B82: 审计业务 | C82: 660
A83: 2010805 | B83: 审计管理 | C83: 5
A84: 2010806 | B84: 信息化建设
A85: 2010850 | B85: 事业运行
A86: 2010899 | B86: 其他审计事务支出
A87: 20109 | B87: 海关事务
A88: 2010901 | B88: 行政运行
A89: 2010902 | B89: 一般行政管理事务
A90: 2010903 | B90: 机关服务
A91: 2010905 | B91: 缉私办案
A92: 2010907 | B92: 口岸管理
A93: 2010908 | B93: 信息化建设
A94: 2010909 | B94: 海关关务
A95: 2010910 | B95: 关税征管
... A99: 2010999 | B99: 其他海关事务支出
A100: 20111 | B100: 纪检监察事务 | C100: 2705
A101: 2011101 | B101: 行政运行 | C101: 1831
A102: 2011102 | B102: 一般行政管理事务 | C102: 677
A103: 2011103 | B103: 机关服务
...

Sheet 1-4
A1: 附表1-4
A2: 2025年一般公共预算基本支出部门经济分类预算表
A4: 经济科目 | B4: 合计 | C4: 人员经费 | D4: 公用经费
A6: 合计： | B6: 330800 | C6: 323340 | D6: 7460
A7: 机关工资福利支出 | B7: 173486 | C7: 173486
A8: 工资奖金津补贴 | B8: 105885 | C8: 105885
A9: 社会保障缴费 | B9: 26768 | C9: 26768
A10: 住房公积金 | B10: 23333 | C10: 23333
A11: 其他工资福利支出 | B11: 17500 | C11: 17500
A12: 机关商品和服务支出 | B12: 5500 | D12: 5500
A13: 办公经费 | B13: 4495 | D13: 4495
A14: 会议费 | B14: 41 | D14: 41
A15: 培训费 | B15: 68 | D15: 68
A16: 专用材料购置费 | B16: 1 | D16: 1
A17: 委托业务费 | B17: 129 | D17: 129
A18: 公务接待费 | B18: 86 | D18: 86
A19: 因公出国(境)费用 | B19: 16 | D19: 16
A20: 公务用车运行维护费 | B20: 590 | D20: 590
A21: 维修(护)费 | B21: 74 | D21: 74
A22: 对事业单位经常性补助 | B22: 130293 | C22: 128333 | D22: 1960
A23: 工资福利支出 | B23: 128333 | C23: 128333
A24: 商品和服务支出 | B24: 1960 | D24: 1960
A25: 对个人和家庭的补助 | B25: 21521 | C25: 21521
A26: 社会福利和救助 | B26: 4124 | C26: 4124
A27: 离退休费 | B27: 2319 | C27: 2319
A28: 其他对个人和家庭补助 | B28: 15078 | C28: 15078

Sheet 1-5
A1: 附表1-5
A2: 2025年望城区一般公共预算税收返还和转移支付表
B3: 单位：万元
A4: 项目 | B4: 预算数
A5: 一、转移支付
A6: （一）一般性转移支付
A7: 均衡性转移支付
A8: 其中：重点生态功能区转移支付
A9: 产粮大县奖励资金
A10: 县级基本财力保障机制奖补资金
A11: 资源枯竭城市转移支付
A12: 城乡义务教育补助经费
A13: 农村综合改革转移支付
A14: 老少边穷地区转移支付
A15: 成品油税费改革转移支付
A16: 体制结算补助
... A46: 注：望城区辖域内各乡镇（街道）未建立金库，对各乡镇（街道）视同部门安排预算，所以2025年度望城区对下级无税收返还和转移支付。

Sheet 1-6
A1: 附表1-6
A2: 2025年望城区一般公共预算专项转移支付预算表（分项目）
B3: 单位：万元
A4: 项 目 | B4: 预算数
A5: 合计 | B5: 0
A6: 注：望城区辖域内各乡镇（街道）未建立金库，对各乡镇（街道）视同部门安排预算，2025年度望城区对下级无税收返还和转移支付。

Sheet 1-7
A1: 附表1-7
A2: 2025年望城区一般公共预算专项转移支付预算表（分地区）
B3: 单位：万元
A4: 地 区 | B4: 预算数
A5: 合 计 | B5: 0
A6: 注：望城区辖域内各乡镇（街道）未建立金库，对各乡镇（街道）视同部门安排预算，2025年度望城区对下级无税收返还和转移支付。

Sheet 2-1
A1: 附表2-1
A2: 2025年望城区政府性基金预算收入表
B3: 单位：万元
A4: 项目 | B4: 预算数
A5: 一、农网还贷资金收入
A6: 二、海南省高等级公路车辆通行附加费收入
A7: 三、港口建设费收入
A8: 四、新型墙体材料专项基金收入
A9: 五、国家电影事业发展专项资金收入
A10: 六、城市公用事业附加收入
A11: 七、国有土地收益基金收入
A12: 八、农业土地开发资金收入
A13: 九、国有土地使用权出让收入
A14: 十、大中型水库库区基金收入
A15: 十一、彩票公益金收入
A16: 十二、城市基础设施配套费收入
... A21: 十七、彩票发行机构和彩票销售机构的业务费用
A22: 十八、其他政府性基金收入 | B22: 71600
A23: 收入合计
A24: 转移性收入
A25: 政府性基金转移收入 | B25: 785500
A26: 政府性基金补助收入 | B26: 785500
A27: 政府性基金上解收入
A28: 上年结余收入
A29: 调入资金 | B29: 3600
A30: 其中：一般公共预算调入
A31: 调入专项收入
A32: 其他调入 | B32: 3600
A33: 地方政府专项债务收入
A34: 地方政府专项债务转贷收入
A35: 收入总计 | B35: 860700

Sheet 2-2
A1: 附表2-2
A2: 2025年望城区政府性基金预算支出表
A3: 单位：万元
A4: 项目 | B4: 预算数
A5: 一、科学技术支出
A6: 二、文化旅游体育与传媒支出
A7: 三、社会保障和就业支出
A8: 四、城乡社区支出 | B8: 771200
A9: 五、农林水支出
A10: 六、交通运输支出
A11: 七、资源勘探工业信息等支出
A12: 八、金融支出
A13: 九、其他支出
A14: 十、债务付息支出 | B14: 78300
A15: 十一、债务发行费用支出
A16: 十二、抗疫特别国债安排的支出
A17: 支出合计
A18: 地方政府专项债务还本支出 | B18: 11200
A19: 转移性支出
A20: 政府性基金上解支出
A21: 上解支出
A22: 调出资金
A23: 年终结余
A24: 债务转贷支出
A25: 支出总计 | B25: 860700

Sheet 2-3
A1: 附表2-3
A2: 2025年望城区政府性基金预算本级支出表
A3: 单位：万元
A4: 项目 | B4: 预算数
A5: 一、科学技术支出
A6: 二、文化旅游体育与传媒支出
A7: 三、社会保障和就业支出
A8: 四、城乡社区支出 | B8: 771200
A9: 五、农林水支出
A10: 六、交通运输支出
A11: 七、资源勘探工业信息等支出
A12: 八、金融支出
A13: 九、其他支出
A14: 十、债务付息支出 | B14: 78300
A15: 十一、债务发行费用支出
A16: 十二、抗疫特别国债安排的支出
A17: 支出合计
A18: 地方政府专项债务还本支出 | B18: 11200
A19: 转移性支出
A20: 政府性基金上解支出
A21: 上解支出
A22: 调出资金
A23: 年终结余
A24: 债务转贷支出
A25: 支出总计 | B25: 860700

Sheet 2-4
A1: 附表2-4
A2: 2025年望城区政府性基金预算转移支付表（分项目）
A3: 单位：万元
A4: 项目 | B4: 预算数
A5: 合计 | B5: 0
A6: 注：望城区辖域内各乡镇（街道）未建立金库，对各乡镇（街道）视同部门安排预算，2025年度望城区对下级无政府性基金转移支付。

Sheet 2-5
A1: 附表2-5
A2: 2025年望城区政府性基金预算转移支付表（分地区）
A3: 单位：万元
A4: 地区 | B4: 预算数
A5: 合计 | B5: 0
A6: 注：望城区辖域内各乡镇（街道）未建立金库，对各乡镇（街道）视同部门安排预算，2025年度望城区对下级无政府性基金转移支付。

Sheet 3-1
A1: 附表3-1
A2: 2025年望城区国有资本经营预算收入表
A3: 单位：万元
A4: 项目 | B4: 预算数
A5: 一、利润收入 | B5: 22097
A6: 二、股利、股息收入 | B6: 53
A7: 三、产权转让收入
A8: 四、清算收入
A9: 五、其他国有资本经营预算收入
A10: 收入合计 | B10: 22150
A11: 上年结转
A12: 收入总计 | B12: 22150

Sheet 3-2
A1: 附表3-2
A2: 2025年望城区国有资本经营预算支出表
A3: 单位：万元
A4: 项目 | B4: 预算数
A5: 一、社会保障和就业支出
A6: 二、国有资本经营预算支出
A7: 1、解决历史遗留问题及改革成本支出 | B7: 60
A8: 2、国有企业资本金注入 | B8: 11000
A9: 3、国有企业政策性补贴
A10: 4、金融国有资本经营预算支出
A11: 5、其他国有资本经营预算支出
A12: 三、转移性支出
A13: 支出合计 | B13: 11060
A14: 调入一般公共预算 | B14: 11090
A15: 结转下年
A16: 支出总计 | B16: 22150

Sheet 3-3
A1: 附表3-3
A2: 2025年望城区国有资本经营预算本级支出表
A3: 单位：万元
A4: 项目 | B4: 预算数
A5: 一、社会保障和就业支出
A6: 二、国有资本经营预算支出
A7: 1、解决历史遗留问题及改革成本支出 | B7: 60
A8: 2、国有企业资本金注入 | B8: 11000
A9: 3、国有企业政策性补贴
A10: 4、金融国有资本经营预算支出
A11: 5、其他国有资本经营预算支出
A12: 三、转移性支出
A13: 支出合计 | B13: 11060
A14: 调入一般公共预算 | B14: 11090
A15: 结转下年
A16: 支出总计 | B16: 22150

Sheet 3-4
A1: 附表3-4
A2: 2025年望城区国有资本经营预算转移支付表（分项目）
A3: 单位：万元
A4: 项目 | B4: 预算数
A5: 合计 | B5: 0
A6: 注：望城区辖域内各乡镇（街道）未建立金库，对各乡镇（街道）视同部门安排预算，2025年度望城区对下级无国有资本经营预算转移支付。

Sheet 3-5
A1: 附表3-5
A2: 2025年望城区国有资本经营预算转移支付表（分地区）
A3: 单位：万元
A4: 地区 | B4: 预算数
A5: 合计 | B5: 0
A6: 注：望城区辖域内各乡镇（街道）未建立金库，对各乡镇（街道）视同部门安排预算，2025年度望城区对下级无国有资本经营预算转移支付。

Sheet 4-1
A1: 附表4-1
A2: 2025年望城区社会保险基金预算收入表
A3: 单位：万元
A4: 项 目 | C4: 城乡居民基本养老保险基金 | D4: 机关事业养老保险基金 | E4: 社保基金预算合计
A5: 其中： | B5: 1、保险费收入 | C5: 6476 | D5: 20704 | E5: 27180
B6: 2、利息收入 | C6: 181 | D6: 71 | E6: 252
B7: 3、财政补贴收入 | C7: 28607 | D7: 18823 | E7: 47429
B8: 4、其他收入 | C8: 13 | D8: 1 | E8: 14
B9: 5、转移收入 | C9: 123 | D9: 1546 | E9: 1670
B10: 6、上级补助收入
A11: 收入 | C11: 35400 | D11: 41145 | E11: 76545

Sheet 4-2
A1: 附表4-2
A2: 2025年望城区社会保险基金预算支出表
A3: 单位：万元
A4: 项 目 | C4: 城乡居民基本养老保险基金 | D4: 机关事业养老保险基金 | E4: 社保基金预算合计
A5: 支出 | C5: 28500 | D5: 44480 | E5: 72980
A6: 其中： | B6: 1、社会保险待遇支出 | C6: 28408 | D6: 40786 | E6: 69194
B7: 2、其他支出 | D7: 3457 | E7: 3457
B8: 3、转移支出 | C8: 92 | D8: 237 | E8: 329
B9: 4、稳岗返还支出
B10: 5、技能提升补贴支出
B11: 6、上级上解支出
A12: 本年收支结余 | C12: 6900 | D12: -3335 | E12: 3565
A13: 年末滚存结余 | C13: 61217 | D13: 3400 | E13: 64617

Sheet 5
A1: 附表5
A2: 2024年地方政府债务限额、余额情况表
G3: 单位：万元
A4: 地区 | B4: 债务限额 | E4: 债务余额
B5: 合计 | C5: 一般债务 | D5: 专项债务 | E5: 合计 | F5: 一般债务 | G5: 专项债务
A6: 望城区 | B6: 2962647 | C6: 450284 | D6: 2512363 | E6: 2920518 | F6: 448017 | G6: 2472501
A7: 注：本表反映截至2024年地方政府债务累计限额、余额数。

Sheet 6
A1: 附表6
A2: 2024年望城区地方政府债务发行及还本付息情况表
B3: 单位：万元
A4: 项目 | B4: 本地区
A5: 一、2024年地方政府债务发行执行数 | B5: 468406
A6: 新增一般债券发行额 | B6: 9600
A7: 再融资一般债券发行额 | B7: 51300
A8: 新增专项债券发行额 | B8: 189600
A9: 再融资专项债券发行额 | B9: 217906
A10: 置换一般债券发行额
A11: 置换专项债券发行额
A12: 国际金融组织和外国政府贷款
A13: 二、2024年地方政府债务还本执行数 | B13: 168866
A14: 一般债务 | B14: 49500
A15: 专项债务 | B15: 119366
A16: 三、2024年地方政府债务付息执行数 | B16: 88367.227
A17: 一般债务 | B17: 14067.747
A18: 专项债务 | B18: 74299.48

Sheet 7
A1: 附表7
A2: 2025年望城区政府债券发行及还本付息情况预算表
B3: 单位：万元
A4: 项目 | B4: 本地区
A5: 一、2025年还本支出预算数 | B5: 112063.51
A6: 一般债券还本支出 | B6: 68106.21
A7: 专项债券还本支出 | B7: 43957.3
A8: 二、2025年付息支出预算数 | B8: 92001.934
A9: 一般债券付息支出 | B9: 13724.974
A10: 专项债券付息支出 | B10: 78276.96
A11: 三、2025年新增地方政府债券资金预算数
A12: 一般债券 | B12: 10000
A13: 专项债券 | B13: 200000

Sheet 8
A1: 附表8
A2: 2025年地方政府债务限额、余额预计情况表
G3: 单位：万元
A4: 地区 | B4: 债务限额 | E4: 债务余额
B5: 合计 | C5: 一般债务 | D5: 专项债务 | E5: 合计 | F5: 一般债务 | G5: 专项债务
A6: 望城区 | B6: 3172647 | C6: 460284 | D6: 2712363 | E6: 3130518 | F6: 458017 | G6: 2672501
A7: 注：本表反映截至2025年地方政府债务累计限额、余额预计数，其中，债务限额为2025年地方政府债务限额预计数；债务余额为2024年末地方政府债务余额执行数和2025年预计发行新增债券之和。
